 Dungeon Crawl Stone Soup version 0.27.1-1-g398f81649c (webtiles) character file.

Game seed: 16674946145596523562

212 funkygono the Firebug (level 5, -3/39 HPs)
             Began as a Draconian Fire Elementalist on Sept 17, 2021.
             Killed from afar by Sigmund (8 damage)
             ... with a puff of flame
             ... on level 3 of the Dungeon.
             The game lasted 00:06:12 (3120 turns).

funkygono the Firebug (Draconian Fire Elementalist) Turns: 3120, Time: 00:06:12

Health: -3/39      AC:  5    Str: 11    XL:     5   Next: 58%
Magic:  0/10       EV: 12    Int: 22    God:
Gold:   62         SH:  0    Dex: 11    Spells: 2/10 levels left

rFire    . . .     SeeInvis .   c - +0 club
rCold    . . .     Faith    .   (no shield)
rNeg     . . .     Spirit   .   (armour unavailable)
rPois    .         Reflect  .   (helmet restricted)
rElec    .         Harm     .   (no cloak)
rCorr    .         Rampage  .   (no gloves)
Will     .....                  (no boots)
Stlth    ++........             (no amulet)
HPRegen  0.13/turn              h - +6 ring of intelligence
MPRegen  0.12/turn              (no ring)

@: no status effects
A: AC +5, unfitting armour, cold-blooded
a: no special abilities


You were on level 3 of the Dungeon.
You visited 1 branch of the dungeon, and saw 3 of its levels.

You collected 62 gold pieces.

Inventory:

Hand Weapons
 c - a +0 club (weapon)
Missiles
 g - 26 stones
Jewellery
 h - a +6 ring of intelligence (left hand)
Potions
 a - 2 potions of haste
 b - 2 potions of ambrosia {unknown}
 d - a potion of curing
 e - a potion of magic {unknown}
 f - 2 potions of degeneration {unknown}


   Skills:
 + Level 0.7 Fighting
 + Level 0.1 Maces & Flails
 + Level 2.1 Dodging
 - Level 1.7 Stealth
 * Level 3.4 Spellcasting
 * Level 2.0 Conjurations
 * Level 4.8 Fire Magic


You had 2 spell levels left.
You knew the following spells:

 Your Spells              Type           Power      Damage    Failure   Level
a - Foxfire               Conj/Fire      72%        2x1d7     3%          1
b - Conjure Flame         Conj/Fire      18%        6-21      9%          3
c - Sticky Flame          Conj/Fire      18%        2d4       28%         4

Your spell library contained the following spells:

 Spells                   Type           Power      Damage    Failure   Level
 Inner Flame              Hex/Fire       14%        N/A       13%         3
 Fireball                 Conj/Fire      9%         3d6       63%         5


Dungeon Overview and Level Annotations

Branches:
Dungeon (3/15)

Altars:

Annotations:
D:3 Purgy, Sigmund


Innate Abilities, Weirdness & Mutations

Your plain brown scales are hard. (AC +5)
You cannot fit into any form of body armour.
You are cold-blooded and may be slowed by cold attacks.


Message History

Found a stone staircase leading down.
The foxfire hits something but does no damage. x3
Something hits you!
Casting: Foxfire (safe; 3% risk of failure)
Confirm with . or Enter, or press ? or * to list all spells.
You don't have enough magic to cast this spell.
Casting: Foxfire (safe; 3% risk of failure)
Confirm with . or Enter, or press ? or * to list all spells.
You don't have enough magic to cast this spell.
Unknown command.
Unknown command.
Casting: Foxfire (safe; 3% risk of failure)
Confirm with . or Enter, or press ? or * to list all spells.
You don't have enough magic to cast this spell.
Casting: Foxfire (safe; 3% risk of failure)
Confirm with . or Enter, or press ? or * to list all spells.
Okay, then.
Okay, then.
Casting: Foxfire (safe; 3% risk of failure)
Confirm with . or Enter, or press ? or * to list all spells.
You conjure some foxfire!
Something completely misses you.
Unknown command.
Casting: Foxfire (safe; 3% risk of failure)
Confirm with . or Enter, or press ? or * to list all spells.
You conjure some foxfire!
Unknown command.
Casting: Foxfire (safe; 3% risk of failure)
Confirm with . or Enter, or press ? or * to list all spells.
You conjure some foxfire!
The foxfire hits something but does no damage. x2
Something hits you.
The foxfire hits something.
Unknown command.
The foxfire hits something.
You hear some strange, mumbled words.
A puff of flame appears from out of thin air!
The puff of flame hits you!
* * * LOW HITPOINT WARNING * * *
A puff of flame appears from out of thin air!
The puff of flame hits you!
You die...

######## #......# #.####.#
########.#....##############
................@..{.......>
#####....#.####.##...#####.#
#.##..... #.##...#
#+##+#....#.###### ..####.#
..+ ..# ...# ### .#


There were no monsters in sight!

Vanquished Creatures
  A black bear (D:2)
  Jessica (D:2)
  Terence (D:2)
  Robin (D:1)
  A worm (D:2)
  3 dart slugs
  7 ball pythons
  5 endoplasms
  14 goblins
  2 hobgoblins (D:1)
  4 bats
  5 frilled lizards
  5 kobolds
  7 rats
57 creatures vanquished.

Vanquished Creatures (others)
  174 foxfires
174 creatures vanquished.

Grand Total: 231 creatures vanquished

Notes
Turn   | Place    | Note
-------+----------+-------------------------------------------
     0 | D:1      | funkygono the Draconian Fire Elementalist began the quest
                  | for the Orb.
     0 | D:1      | Reached XP level 1. HP: 14/14 MP: 3/3
   424 | D:1      | Reached XP level 2. HP: 20/20 MP: 1/5
   955 | D:1      | Found a faded altar of an unknown god.
  1369 | D:2      | Noticed Robin
  1371 | D:2      | Reached XP level 3. HP: 26/26 MP: 4/6
  1548 | D:1      | Killed Robin
  1723 | D:2      | Learned a level 3 spell: Conjure Flame
  2097 | D:2      | Noticed a black bear
  2125 | D:2      | Killed a black bear
  2126 | D:2      | Reached skill level 4 in Fire Magic
  2126 | D:2      | Reached XP level 4. HP: 19/34 MP: 1/9
  2126 | D:2      | Reached XP level 5. HP: 22/39 MP: 1/10
  2285 | D:2      | Noticed Jessica
  2325 | D:2      | Killed Jessica
  2703 | D:2      | Learned a level 4 spell: Sticky Flame
  2723 | D:3      | Noticed Terence
  2728 | D:3      | Noticed Purgy
  2735 | D:2      | Killed Terence
  3104 | D:3      | Noticed Sigmund
  3120 | D:3      | Killed from afar by Sigmund

Illustrated notes

Levels and vault maps discovered:
D:1:      minmay_arrival_up_and_down, layout_loops_corners,
          hellmonk_ecumenical_altar_prayer_group
D:2:      layout_loops_ring, uniq_jessica, uniq_robin
D:3:      layout_basic, mainiacjoe_overflow_brackets, uniq_sigmund, uniq_purgy,
          uniq_terence

Skill      XL: |  1  2  3 |
---------------+----------+-----
Dodging        | 2 |  2.1
Spellcasting   | 3 |  3.4
Conjurations   | 2 |  2.0
Fire Magic     | 4 |  4.8
Fighting       | |  0.7
Maces & Flails | |  0.1
Stealth        | |  1.7

Action                   |  1- 3 |  4- 6 || total
-------------------------+-------+-------++-------
Melee: Club              |    21 |     2 ||    23
       Tailslap          |     2 |     1 ||     3
 Cast: Foxfire           |    80 |    27 ||   107
       Sticky Flame      |       |     1 ||     1
  Use: Scroll            |     2 |       ||     2
Armor: Skin              |    22 |       ||    22
Dodge: Dodged            |    40 |     4 ||    44
